 Dungeon Crawl Stone Soup version 0.19-a0-1932-g59670f6 (webtiles) character file.

270719 wazuzu the Executioner (level 19, -24/182 HPs)
             Began as a Deep Dwarf Berserker on Oct 24, 2016.
             Was a High Priest of Makhleb.
             Annihilated by a stone giant (47 damage)
             ... created by the rage of Trog
             ... on level 10 of the Dungeon on Oct 25, 2016.
             The game lasted 02:52:15 (33683 turns).

wazuzu the Executioner (Deep Dwarf Berserker)      Turns: 33683, Time: 02:52:16

Health: -24/182    AC: 29    Str: 30    XL:     19   Next: 43%
Magic:  9/9        EV: 30    Int: 16    God:    Makhleb [*****.]
Gold:   3004       SH:  0    Dex: 20    Spells: 0 memorised, 18 levels left

rFire  . . .     SeeInvis .     W - +9 executioner's axe (antimagic)
rCold  . . .     Gourm    .     U - +3 ring mail "Pezxe" {*Drain rElec MR++ Dex+4}
rNeg   + . .     Faith    .     (shield currently unavailable)
rPois  +         Spirit   .     F - +1 hat {MR+}
rElec  +         Reflect  .     i - +0 cloak
rCorr  .         Harm     .     D - +2 pair of gloves
MR     +++++                    z - +0 pair of boots
Stlth  ++........               (no amulet)
                                J - ring "Weakibet" {rElec AC+5 Int+7 Dex+4}
                                x - +5 ring of evasion

@: very slightly contaminated, non-regenerating
A: damage resistance, recharge devices, iridescent scales 1, yellow scales 1,
camouflage 1, high mp 1, negative energy resistance 1, sense surroundings 3,
poison resistance, shaggy fur 1, electricity resistance, slow regeneration 3,
strong 1
a: Device Recharging, Minor Destruction, Lesser Servant of Makhleb, Major
Destruction, Greater Servant of Makhleb, Renounce Religion
}: 2/15 runes: decaying, gossamer


You were on level 10 of the Dungeon.
You worshipped Makhleb.
Makhleb was extremely pleased with you.
You were not hungry.

You visited 7 branches of the dungeon, and saw 34 of its levels.
You also visited: Sewer, Ice Cave and Desolation.

You collected 3721 gold pieces.
You spent 717 gold pieces at shops.

Inventory:

Hand Weapons
 W - a +9 antimagic executioner's axe (weapon)
Armour
 i - a +0 cloak (worn)
 z - a +0 pair of boots (worn)
 D - a +2 pair of gloves (worn)
 F - a +1 hat of magic resistance (worn)
 U - the +3 ring mail "Pezxe" (worn) {*Drain rElec MR++ Dex+4}
   (You found it on level 3 of the Swamp)

   It affects your dexterity (+4).
   It insulates you from electricity.
   It affects your resistance to hostile enchantments.
   It causes draining when unequipped.
Jewellery
 d - an uncursed ring of protection from fire
 n - an uncursed ring of see invisible
 u - an uncursed ring of resist corrosion
 x - a +5 ring of evasion (left hand)
 y - an uncursed ring of protection from cold
 J - the ring "Weakibet" (right hand) {rElec AC+5 Int+7 Dex+4}
   (You found it on level 6 of the Lair of Beasts)

   [ring of protection]

   It affects your AC (+5).
   It affects your intelligence (+7).
   It affects your dexterity (+4).
   It insulates you from electricity.
Wands
 c - a wand of heal wounds (2/9)
 m - a wand of paralysis (14/24)
 S - a wand of disintegration (8/24)
 V - a wand of digging (11/24)
Scrolls
 b - 8 scrolls of magic mapping
 e - 6 scrolls of enchant weapon
 g - 2 scrolls of silence
 h - 2 scrolls of holy word
 j - 9 scrolls of teleportation
 A - 2 scrolls of identify
 B - 5 scrolls of fear
 E - 19 scrolls of remove curse
 I - a scroll of brand weapon
 Q - 5 scrolls of enchant armour
 R - 2 scrolls of blinking
 X - 3 scrolls of fog
 Y - 2 scrolls of summoning
Potions
 a - 2 potions of invisibility
 l - 3 potions of ambrosia
 o - a potion of magic
 q - 5 potions of agility
 r - a potion of cancellation
 t - 3 potions of haste
 v - 8 potions of curing
 C - 8 potions of flight
 G - 4 potions of resistance
 L - a potion of cure mutation
 O - 2 potions of berserk rage
 T - a potion of mutation
 Z - 2 potions of might
Miscellaneous
 P - 2 sacks of spiders
Comestibles
 f - 21 meat rations
 k - 3 bread rations
 p - 9 royal jellies
 s - 16 fruits
 w - 8 slices of pizza
 H - 6 beef jerkies


   Skills:
 - Level 14.3 Fighting
 + Level 23.5 Axes
 - Level 16.1 Armour
 - Level 16.0 Dodging
 - Level 10.0 Evocations


You had 18 spell levels left.
You didn't know any spells.

Dungeon Overview and Level Annotations

Branches:
Dungeon (15/15)            Temple (0/1) D:7            Lair (6/6) D:10
  Swamp (4/4) Lair:3       Spider (4/4) Lair:3        Slime (0/5) Lair:5
    Orc (2/2) D:10            Elf (2/3) Orc:2        Vaults (1/5) D:14
 Depths (0/5) D:15

Altars:
Ashenzari
Cheibriados
Fedhas
Gozag
Kikubaaqudgha
Makhleb
Okawaru
Qazlal
Ru
Trog
Uskayaw
Vehumet
Xom
Yredelemnul
The Shining One
Beogh
Jiyva

Shops:
D:7 *   Orc:2 !:(!}   Vaults:1 (

Annotations:
Lair:6 exclusion: oklob plant
Elf:2 5 runed doors


Innate Abilities, Weirdness & Mutations

You are resistant to damage.
You can recharge devices by infusing magical energy.
You resist negative energy. (rN+)
You passively map a large area around you.
You do not regenerate.
You are partially covered in iridescent scales. (AC +2)
You are partially covered in yellow scales. (AC +2)
Your skin changes colour to match your surroundings (Stealth+).
You have an increased reservoir of magic. (+10% MP)
Your system is resistant to poisons. (rPois)
You are covered in fur. (AC +1)
You are resistant to electric shocks. (rElec)
Your muscles are strong. (Str +2)


Message History

The stone giant rages.
There is an open door here.
Evoke which item? (* to show all) (? for menu, Esc to quit)
Zapping:
c - a wand of heal wounds (4/9)
Press: ? - help, Shift-Dir - straight line, f - you You feel much better.
This wand has 3 charges left.
Evoke which item? (* to show all) (? for menu, Esc to quit)
Zapping:
c - a wand of heal wounds (3/9)
Press: ? - help, Shift-Dir - straight line, f - you You feel much better.
This wand has 2 charges left.
The stone giant hits you!!!
* * * LOW HITPOINT WARNING * * *
You slash the stone giant!
The stone giant is heavily wounded.
The stone giant completely misses you.
You slice the stone giant!!
The stone giant is heavily wounded.
You slice the stone giant!! The stone giant hits you!
* * * LOW HITPOINT WARNING * * *
The stone giant hits you!!!
You die...

#.......'..# #....>#
#.......#### #####.#
######'## #.## #.# #..#
#######.### #######'###
....♣.....#### #.........#
.....P.......####.........#
....P.....#....C#.........#
..).........###C@.[.......#
........C...# ###.........#
....♣.......# #.........#
.......h....# ####'######
...h§..C....# ###.#
............# #...#
............## ###.####
.............# #......#
...♣.........###......#


You could see 2 stone giants.

Vanquished Creatures
  Nikola (Spider:3)
  Arachne (Spider:3)
  Rupert (Lair:3)
  2 thorn hunters
  Kirke (Spider:3)
  Gastronok (D:8)
  Agnes (Spider:4)
  Donald (Spider:3)
  Roxanne (D:15)
  2 orc warlords
  3 ghost moths
  A frost giant (IceCv)
  3 imperial myrmidons (Desolation)
  2 vault wardens (Vaults:1)
  2 emperor scorpions (Spider:4)
  Aizul (Swamp:1)
  2 very ugly things
  An ironheart preserver (Vaults:1)
  A stone giant (Spider:4)
  2 entropy weavers
  Nessos (D:14)
  A deep elf annihilator (Elf:1)
  6 dire elephants
  2 spark wasps
  Snorg (D:11)
  A crystal guardian (Desolation)
  8 ragged hierophants (Desolation)
  Josephine (D:13)
  2 vault guards (Vaults:1)
  12 peacekeepers
  6 servants of whispers (Desolation)
  3 ghost crabs
  26 hydras
  Erolcha (Orc:1)
  Erica (D:9)
  5 alligators
  A centaur warrior (Vaults:1)
  10 dancing weapons
  5 ogre magi
  An anaconda (Lair:6)
  The ghost of Lochraine the Mender, a journeyman TeFi of Elyvilon (Lair:1)
  7 death yaks
  3 tengu warriors (D:14)
  2 orc high priests (Elf:1)
  A spriggan berserker (Swamp:4)
  Urug (Orc:1)
  5 deep elf knights
  20 slime creatures
  An unseen horror (D:13)
  An iron troll (Spider:4)
  2 spriggan druids
  19 swamp dragons
  2 shambling mangroves
  10 ironbrand convokers
  11 hill giants
  A lindwurm (Lair:6)
  5 deep elf archers
  Pikel (D:8)
  7 orc knights
  13 orb spiders
  18 deep elf magi
  A necromancer (D:8)
  8 orc sorcerers
  20 wolf spiders
  7 ugly things
  A cyclops (D:12)
  2 manticores
  A moth of wrath (Spider:4)
  A vault sentinel (Vaults:1)
  9 elephants
  A centaur zombie (D:11)
  A molten gargoyle (Desolation)
  An ice statue (IceCv)
  Joseph (D:8)
  4 black mambas
  2 guardian serpents (Desolation)
  A gargoyle (D:14)
  14 spiny frogs
  5 centaur skeletons
  A kobold demonologist (D:14)
  A freezing wraith (D:15)
  6 rime drakes
  5 komodo dragons
  17 demonic crawlers
  A queen bee (D:15)
  7 trolls
  23 polar bears
  24 jumping spiders
  3 meliai (D:15)
  7 tyrant leeches
  Grinder (Sewer)
  14 hornets
  6 two-headed ogres
  2 dream sheep (Lair:6)
  14 hippogriffs
  15 bog bodies
  A meliai zombie (D:12)
  58 saltlings (Desolation)
  4 blink frogs (Lair:5)
  2 air elementals (Elf:1)
  72 redbacks
  5 shadows
  5 spriggans
  25 tarantellas
  A human (D:7)
  7 hungry ghosts
  6 wraiths
  4 wyverns
  98 yaks
  A basilisk (shapeshifter) (Elf:1)
  5 hogs
  5 basilisks
  32 vampire mosquitoes
  20 swamp worms
  6 insubstantial wisps (Swamp:3)
  9 wargs
  A soldier ant (D:13)
  11 swamp drakes
  11 water moccasins
  11 porcupines
  7 sky beasts
  4 phantoms
  3 eyes of draining
  30 orc warriors
  A slave (D:8)
  4 ice beasts
  4 black bears
  16 wolves
  20 ogres
  A necrophage (D:13)
  14 centaurs
  17 crocodiles
  5 big kobolds
  22 bullfrogs
  4 scorpions
  24 killer bees
  3 electric eels
  10 wights
  2 howler monkeys (D:5)
  7 crimson imps
  6 hounds
  A quasit (Sewer)
  2 bullfrog zombies (D:10)
  2 gnoll shamans
  20 orc priests
  2 jellies
  33 orc wizards
  A bullfrog skeleton (D:10)
  9 iguanas
  6 hell rats (Lair:5)
  7 worker ants
  A killer bee zombie (D:6)
  2 big kobold zombies (Sewer)
  2 hound zombies
  8 gnolls
  3 river rats
  12 adders
  8 shadow imps
  3 ufetubi (Sewer)
  2 oozes (Sewer)
  3 adder skeletons
  4 worms
  2 dart slugs
  4 leopard geckos
  86 orcs
  11 giant cockroaches
  4 hobgoblins
  12 jackals
  44 kobolds
  3 quokkas
  A ball python (D:2)
  8 bats
  3 frilled lizards
  7 goblins
  A quokka zombie (D:6)
  41 rats
  6 briar patches (Swamp:2)
  5 fungi
  6 plants (Lair:6)
1461 creatures vanquished.

Vanquished Creatures (collateral kills)
  An imperial myrmidon (Desolation)
  A halazid warlock (Desolation)
2 creatures vanquished.

Vanquished Creatures (others)
  A hydra (Swamp:4)
  A swamp dragon (Swamp:4)
  An orb spider (Spider:4)
  A wolf spider (Spider:4)
  A jumping spider (Spider:2)
  3 yaks (IceCv)
  A spriggan (Swamp:2)
  A human (Spider:3)
  4 wolves (IceCv)
  An orc (Orc:2)
  2 bushes (D:10)
  11 fungi
  12 plants
40 creatures vanquished.

Grand Total: 1503 creatures vanquished

Notes
Turn   | Place    | Note
-------+----------+-------------------------------------------
     0 | D:1      | wazuzu the Deep Dwarf Berserker began the quest for the Orb.
     0 | D:1      | Reached XP level 1. HP: 20/20 MP: 1/1
   395 | D:1      | Reached skill level 4 in Axes
   395 | D:1      | Reached XP level 2. HP: 25/27 MP: 2/2
   855 | D:2      | Reached ** piety under Trog
   855 | D:2      | Reached XP level 3. HP: 28/33 MP: 3/3
  1077 | D:2      | Reached skill level 5 in Axes
  1220 | D:2      | Reached XP level 4. HP: 39/40 MP: 4/4
  1419 | D:2      | Reached *** piety under Trog
  1785 | D:3      | Reached skill level 6 in Axes
  2084 | D:3      | Found a radiant altar of Vehumet.
  2102 | D:3      | Reached XP level 5. HP: 32/46 MP: 5/5
  2929 | D:5      | Entered Level 5 of the Dungeon
  2948 | D:5      | Reached skill level 7 in Axes
  3145 | D:5      | Reached XP level 6. HP: 37/55 MP: 6/6
  3390 | D:5      | Reached skill level 8 in Axes
  3499 | D:5      | Found an iron altar of Okawaru.
  3657 | D:6      | Found an opulent altar of Gozag.
  3657 | D:6      | Noticed an orc warrior
  3659 | D:6      | Noticed an ice beast
  3665 | D:6      | Reached XP level 7. HP: 61/61 MP: 7/7
  3668 | D:6      | Reached skill level 9 in Axes
  3673 | D:6      | Found a shattered altar of Ashenzari.
  3805 | D:6      | Found a glowing drain.
  3817 | Sewer    | Entered a sewer
  3884 | Sewer    | Reached skill level 10 in Axes
  3885 | Sewer    | Reached **** piety under Trog
  3931 | Sewer    | Found a burning altar of Makhleb.
  3966 | Sewer    | Reached XP level 8. HP: 61/68 MP: 8/8
  3987 | Sewer    | Noticed Grinder
  3997 | Sewer    | Killed Grinder
  3997 | Sewer    | Reached skill level 11 in Axes
  4417 | D:6      | Found a stormy altar of Qazlal.
  4482 | D:6      | Reached skill level 12 in Axes
  4595 | D:6      | Found a sacrificial altar of Ru.
  4614 | D:6      | Found a burning altar of Makhleb.
  4614 | D:6      | Found a snail-covered altar of Cheibriados.
  4614 | D:6      | Found a bloodstained altar of Trog.
  4618 | D:6      | Found a glowing golden altar of the Shining One.
  4922 | D:7      | Found a hide-covered altar of Uskayaw.
  4982 | D:7      | Gained mutation: You passively map the area around you. [Deep Dwarf growth]
  4982 | D:7      | Reached XP level 9. HP: 72/74 MP: 9/9
  4995 | D:7      | Reached skill level 13 in Axes
  5126 | D:7      | Found a shimmering altar of Xom.
  5164 | D:7      | Found Poxug's General Store.
  5167 | D:7      | Bought a scroll of brand weapon for 280 gold pieces
  5234 | D:7      | Found a basalt altar of Yredelemnul.
  5261 | D:7      | Reached skill level 14 in Axes
  5404 | D:7      | Found a staircase to the Ecumenical Temple.
  5791 | D:8      | Noticed Gastronok
  5849 | D:8      | Killed Gastronok
  5849 | D:8      | Reached skill level 15 in Axes
  5849 | D:8      | Reached XP level 10. HP: 81/81 MP: 10/10
  5860 | D:8      | Noticed Joseph
  5947 | D:8      | Reached skill level 16 in Axes
  5954 | D:8      | Killed Joseph
  6060 | D:8      | Noticed a necromancer
  6072 | D:8      | Killed a necromancer
  6172 | D:8      | Noticed Pikel
  6184 | D:8      | Killed Pikel
  6475 | D:8      | Reached skill level 17 in Axes
  6912 | D:9      | Noticed Erica
  6923 | D:9      | Killed Erica
  6923 | D:9      | Reached XP level 11. HP: 88/88 MP: 11/11
  7159 | D:9      | Reached skill level 5 in Armour
  7159 | D:9      | Reached skill level 5 in Dodging
  7578 | D:10     | Entered Level 10 of the Dungeon
  7740 | D:10     | Found a staircase to the Orcish Mines.
  7839 | D:10     | Found a roughly hewn altar of Beogh.
  7993 | D:10     | HP: 4/132 [yak (9)]
  8239 | D:10     | Noticed a hill giant
  8246 | D:10     | Killed a hill giant
  8314 | D:10     | Found a staircase to the Lair.
  8682 | D:10     | Reached XP level 12. HP: 79/96 MP: 12/12
  8690 | D:10     | Gained mutation: You are dopey. (Int -2) [mutagenic meat]
  8691 | D:10     | Gained mutation: You evolve. [mutagenic meat]
  8691 | D:10     | Gained mutation: Your system is resistant to poisons. (rPois) [potion of mutation]
  8691 | D:10     | Gained mutation: You are partially covered in icy blue scales. (AC +2) [potion of mutation]
  8691 | D:10     | Gained mutation: You expend magic power (3 MP) to strengthen your wands. [potion of mutation]
  8692 | D:10     | Gained mutation: You occasionally shout uncontrollably at your foes. [potion of mutation]
  8692 | D:10     | Gained mutation: You are resistant to hostile enchantments. (MR+) [potion of mutation]
  8788 | Lair:1   | Entered Level 1 of the Lair of Beasts
  8810 | Lair:1   | Noticed Lochraine's ghost (journeyman TeFi)
  8825 | Lair:1   | Killed Lochraine's ghost
  8873 | Lair:1   | Found a frozen archway.
  8895 | IceCv    | Entered an ice cave
  9206 | IceCv    | Reached skill level 10 in Armour
  9219 | IceCv    | Reached skill level 10 in Dodging
  9411 | IceCv    | Reached skill level 5 in Fighting
  9516 | IceCv    | Noticed a death yak
  9516 | IceCv    | Noticed a frost giant
  9537 | IceCv    | Killed a death yak
  9547 | IceCv    | Killed a frost giant
 10014 | D:9      | Lost mutation: You are dopey. (Int -2) [evolution]
 10038 | D:9      | Reached XP level 13. HP: 101/117 MP: 13/13
 11670 | Lair:3   | Noticed Rupert
 11687 | Lair:3   | Killed Rupert
 11687 | Lair:3   | Reached skill level 10 in Fighting
 11714 | Lair:3   | Found a hole to the Spider Nest.
 11966 | Lair:3   | Found a staircase to the Swamp.
 12002 | Lair:3   | Got a brightly glowing leather armour
 12013 | Lair:3   | Identified the +2 leather armour of Virtue {Stlth+} (You found it on level 3 of the Lair of Beasts)
 12023 | Lair:3   | Gained mutation: Your spells are a little easier to cast, but a little less powerful. [evolution]
 12072 | Lair:3   | Got a polished ring mail
 12083 | Lair:3   | Identified the +5 ring mail "Usizunasch" {*Contam Str+3 Int+7 Slay+2} (You found it on level 3 of the Lair of Beasts)
 13530 | Lair:5   | Reached skill level 18 in Axes
 13752 | Lair:5   | Found a viscous altar of Jiyva.
 13753 | Lair:5   | Found a staircase to the Slime Pits.
 13936 | Lair:6   | Entered Level 6 of the Lair of Beasts
 13987 | Lair:6   | Gained mutation: You resist negative energy. (rN+) [Deep Dwarf growth]
 13987 | Lair:6   | Reached XP level 14. HP: 68/135 MP: 6/14
 14252 | Lair:6   | Got a dazzling arbalest
 14253 | Lair:6   | Identified the +1 arbalest "Zios" {elec, +Fly rC+ MP-9 Int+2} (You found it on level 6 of the Lair of Beasts)
 14396 | Lair:6   | Reached skill level 19 in Axes
 14526 | Lair:6   | Found a blossoming altar of Fedhas.
 15131 | Lair:6   | Got a slimy jade ring
 15133 | Lair:6   | Identified the ring "Weakibet" {rElec AC+5 Int+7 Dex+4} (You found it on level 6 of the Lair of Beasts)
 15383 | Lair:6   | Gained mutation: You have a pair of small horns on your head. [potion of mutation]
 15383 | Lair:6   | Gained mutation: You are agile. (Dex +2) [potion of mutation]
 15384 | Lair:6   | Gained mutation: Your muscles are strong. (Str +2) [potion of mutation]
 15384 | Lair:6   | Gained mutation: You are partially covered in yellow scales. (AC +2) [potion of mutation]
 15437 | Lair:6   | Reached skill level 20 in Axes
 15598 | Orc:1    | Entered Level 1 of the Orcish Mines
 15598 | Orc:1    | Noticed Erolcha
 15602 | Orc:1    | Killed Erolcha
 15684 | D:10     | Lost mutation: You are resistant to hostile enchantments. (MR+) [evolution]
 15907 | Orc:2    | Entered Level 2 of the Orcish Mines
 16138 | Orc:2    | Found Zuig's Distillery.
 16156 | Orc:2    | Found a staircase to the Elven Halls.
 16159 | Orc:2    | Bought a potion of cure mutation for 325 gold pieces
 16159 | Orc:2    | Bought a potion of mutation for 32 gold pieces
 16159 | Orc:2    | Gained mutation: You have an increased reservoir of magic. (+10% MP) [potion of mutation]
 16159 | Orc:2    | Lost mutation: You expend magic power (3 MP) to strengthen your wands. [potion of mutation]
 16159 | Orc:2    | Gained mutation: Scrolls take you a little longer to read. [potion of mutation]
 16283 | Orc:2    | Found Desibb's Gadget Emporium.
 16314 | Orc:2    | Found an ancient bone altar of Kikubaaqudgha.
 16341 | Orc:2    | Found a radiant altar of Vehumet.
 16419 | Orc:2    | Found a roughly hewn altar of Beogh.
 16419 | Orc:2    | Found Feqirel's Book Emporium.
 16436 | Orc:2    | Found Boyshreadip's Distillery.
 16450 | Orc:2    | Reached ***** piety under Trog
 16452 | Orc:2    | Found Quklu's Antique Weapon Emporium.
 16503 | Orc:2    | Bought a potion of heal wounds for 80 gold pieces
 16820 | Orc:1    | Noticed an orc warlord
 16867 | Orc:1    | Noticed Urug
 17046 | Orc:2    | Killed an orc warlord
 17046 | Orc:2    | Reached XP level 15. HP: 133/144 MP: 16/16
 17191 | Orc:1    | Killed Urug
 17854 | D:11     | Noticed Snorg
 17862 | D:11     | Killed Snorg
 18427 | D:12     | Gained mutation: You rapidly evolve. [mutagenic meat]
 18678 | D:12     | Received a gift from Trog
 18943 | D:13     | Noticed Josephine
 18953 | D:13     | Killed Josephine
 19603 | D:13     | Received a gift from Trog
 19646 | D:14     | Noticed Nessos
 19665 | D:14     | Killed Nessos
 19796 | D:14     | Found a gate to the Vaults.
 20383 | D:14     | Gained mutation: You are partially covered in iridescent scales. (AC +2) [mutagenic meat]
 20413 | D:14     | Lost mutation: Your muscles are strong. (Str +2) [mutagenic meat]
 20487 | D:14     | Found a shattered altar of Ashenzari.
 20543 | D:15     | Entered Level 15 of the Dungeon
 20603 | D:15     | Gained mutation: You possess an exceptional clarity of mind. [evolution]
 20747 | D:15     | Reached skill level 15 in Armour
 20763 | D:15     | Lost mutation: Scrolls take you a little longer to read. [mutagenic meat]
 20764 | D:15     | Gained mutation: Your skin changes colour to match your surroundings (Stealth+). [mutagenic meat]
 20766 | D:15     | Lost mutation: You possess an exceptional clarity of mind. [mutagenic meat]
 20767 | D:15     | Gained mutation: You are covered in fur. (AC +1) [mutagenic meat]
 21069 | D:15     | Found a staircase to the Depths.
 21228 | D:15     | Noticed Roxanne
 21247 | D:15     | Killed Roxanne
 21753 | Swamp:1  | Entered Level 1 of the Swamp
 21753 | Swamp:1  | Noticed Aizul
 21775 | Swamp:1  | Reached skill level 1 in Evocations
 21779 | Swamp:1  | Killed Aizul
 21846 | Lair:3   | Reached XP level 16. HP: 152/152 MP: 19/19
 22287 | Swamp:1  | Reached skill level 5 in Evocations
 22732 | Swamp:1  | Upgraded the game from 0.19-a0-1922-g1e9a4c1 to 0.19-a0-1932-g59670f6
 23680 | Swamp:2  | Gained mutation: You are resistant to electric shocks. (rElec) [evolution]
 23893 | Swamp:2  | Lost mutation: You rapidly evolve. [mutagenic meat]
 23894 | Swamp:2  | Lost mutation: You evolve. [mutagenic meat]
 23895 | Swamp:2  | Gained mutation: Your muscles are strong. (Str +2) [mutagenic meat]
 23950 | Swamp:2  | Received a gift from Trog
 24196 | Swamp:2  | Noticed a thorn hunter
 24214 | Swamp:2  | Killed a thorn hunter
 24359 | Swamp:2  | Reached skill level 10 in Evocations
 24938 | Swamp:3  | Got an aquamarine-encrusted ring mail
 24963 | Swamp:3  | Identified the +3 ring mail "Pezxe" {*Drain rElec MR++ Dex+4} (You found it on level 3 of the Swamp)
 25412 | Swamp:3  | Gained mutation: You have a pair of horns on your head. [mutagenic meat]
 25569 | Swamp:4  | Entered Level 4 of the Swamp
 25634 | Swamp:4  | Received a gift from Trog
 26083 | Swamp:4  | Reached XP level 17. HP: 159/159 MP: 26/26
 26537 | Swamp:4  | Got a decaying rune of Zot
 26893 | Vaults:1 | Entered Level 1 of the Vaults
 26959 | Vaults:1 | Reached skill level 15 in Dodging
 27067 | Vaults:1 | Found Sast's Antique Weapon Shoppe.
 27088 | Vaults:1 | Found a ruined gateway.
 27112 | Desolati | Entered the Desolation of Salt
 27314 | Desolati | Lost mutation: You are agile. (Dex +2) [mutagenic meat]
 27317 | Desolati | Lost mutation: You have a pair of horns on your head. [mutagenic meat]
 27319 | Desolati | Lost mutation: Your spells are a little easier to cast, but a little less powerful. [mutagenic meat]
 27321 | Desolati | Identified the Papyrus of Summoning and Transformation
 27465 | Desolati | Got a crude ring mail
 27466 | Desolati | Identified the +5 ring mail of Boryi {Str+3 Dex+6 Stlth+} (You found it in the Desolation of Salt)
 27473 | Desolati | Lost mutation: You are partially covered in icy blue scales. (AC +2) [potion of mutation]
 27473 | Desolati | Lost mutation: You have a pair of small horns on your head. [potion of mutation]
 27473 | Desolati | Lost mutation: You occasionally shout uncontrollably at your foes. [potion of mutation]
 27688 | Desolati | Identified Otusaef's Collected Works on Execration
 27802 | Desolati | Gained mutation: You passively map a large area around you. [Deep Dwarf growth]
 27802 | Desolati | Reached XP level 18. HP: 132/174 MP: 28/28
 27845 | Desolati | Received a gift from Trog
 28296 | Elf:1    | Entered Level 1 of the Elven Halls
 29535 | Elf:1    | Reached skill level 21 in Axes
 29794 | Elf:2    | Found a huge runed gate.
 29794 | Elf:2    | Found a huge runed gate.
 29794 | Elf:2    | Found a huge runed gate.
 29794 | Elf:2    | Found a huge runed gate.
 29803 | Elf:2    | Found a huge runed gate.
 30196 | D:6      | Fell from the grace of Trog
 30196 | D:6      | Became a worshipper of Makhleb the Destroyer
 30437 | Spider:1 | Entered Level 1 of the Spider Nest
 30743 | Spider:1 | Reached * piety under Makhleb
 31451 | Spider:2 | Reached ** piety under Makhleb
 31728 | Spider:2 | Reached skill level 22 in Axes
 31933 | Spider:3 | Noticed Nikola
 31937 | Spider:3 | Noticed Arachne
 31952 | Spider:3 | Killed Nikola
 31954 | Spider:3 | Killed Arachne
 31959 | Spider:3 | Noticed Kirke
 31977 | Spider:3 | Killed Kirke
 31977 | Spider:3 | Reached XP level 19. HP: 158/182 MP: 9/29
 32046 | Spider:3 | Noticed Donald
 32066 | Spider:3 | Killed Donald
 32077 | Spider:3 | Reached *** piety under Makhleb
 32385 | Spider:4 | Entered Level 4 of the Spider Nest
 32442 | Spider:4 | Noticed Agnes
 32449 | Spider:4 | Killed Agnes
 32658 | Spider:4 | Reached **** piety under Makhleb
 32818 | Spider:4 | Reached skill level 23 in Axes
 32903 | Spider:4 | Reached ***** piety under Makhleb
 33127 | Spider:4 | Got a gossamer rune of Zot
 33683 | D:10     | Annihilated by a stone giant

Vault maps used:
D:1:      dpeg_arrival_water_altar, minmay_misc_feat_alley
D:2:      first_bread, minmay_rats_cheesy_pizza
D:3:      vehumet_crystals
D:5:      okawaru_gym_becter
D:6:      overflow_temple_1_default, minitemple, gup_sewer_entry_bubbles
D:7:      kennysheep_little_box, lemuel_coloured_pillars_altar, serial_shops,
          nicolae_shop_behind_doors, basic_altar, grunt_livestock
D:8:      minmay_three_doors, uniq_pikel, uniq_gastronok, uniq_joseph
D:9:      nicolae_whirlpool, serial_co_window_serial,
          co_window_of_opportunity_a, co_window_cross_1, co_window_paths_a,
          co_window_corner_a, co_window_corner_a, co_window_paths_c,
          co_window_corner_b, co_window_unsneaky_path_e, glass_columns_a,
          hex_medium, uniq_erica
D:10:     minmay_lair_entry_grove, minmay_orc_entry_guard_dogs,
          grunt_ministairs_2
D:11:     uniq_snorg
D:13:     minivault_24, uniq_josephine
D:14:     erik_vaults_1, lemuel_statue_altar, uniq_nessos
D:15:     hangedman_depths_entry_try_elsewhere_first, corexii_hall_statues_i,
          minmay_misc_feat_plants, minivault_7, uniq_roxanne
Lair:1:   portal_ice_cave_rime, grunt_megastairs_5
Lair:2:   gammafunk_lair_bear_cave, lemuel_fruit_tree, lemuel_fruit_fields
Lair:3:   swamp_mist_pool, spider_nest_entry_web_field, uniq_rupert
Lair:5:   dpeg_slime_entry_enclosed_altar, st_stairs_13
Lair:6:   due_jungle_book, tgw_fedhas
Swamp:1:  hangedman_swamp_ruin_wall, uniq_aizul
Swamp:2:  evilmike_swamp_ruin_house_1
Swamp:3:  evilmike_swamp_ruin_house_2
Swamp:4:  swamp_basic_johnstein
Spider:3: spider_trap, uniq_arachne, uniq_kirke, uniq_nikola, uniq_donald
Spider:4: guppyfry_spider_rune, uniq_agnes
Orc:1:    uniq_urug, uniq_erolcha
Orc:2:    kennysheep_orc_mage_school, serial_shops, nicolae_shop_stone
Elf:1:    special_room, hangedman_elven_crosses_minicolossus
Elf:2:    serial_shops, nicolae_shop_competitors_out_of_business
Vaults:1: v_pattern_3, dpeg_vaults_monster_box, hangedman_vaults_stagger,
          nicolae_vaults_big_ls, vaults_dpeg_hooks,
          nicolae_vaults_inception_scallops, grunt_vaults_funnel,
          nicolae_vaults_network_quinsquares,
          portal_desolation_entry_twin_temple, serial_shops,
          nicolae_shop_waterfront, uniq_asterion
Sewer:    kennysheep_sewer_church
IceCv:    ice_cave_caverns_02

Skill      XL: |  1  2  3  4  5  6  7  8  9 10 11 12 13 14 15 16 17 18 19 |
---------------+----------------------------------------------------------+-----
Axes           | 4 5 6 7 8 10 12 15 17 18 20 22 23 | 23.5
Armour         | 4 8 10 11 15 16 | 16.1
Dodging        | 4 8 10 13 16 | 16.0
Fighting       | 8 11 12 13 14 | 14.3
Evocations     | 2 10 | 10.0

Action                   |  1- 3 |  4- 6 |  7- 9 | 10-12 | 13-15 | 16-18 | 19-21 || total
-------------------------+-------+-------+-------+-------+-------+-------+-------++-------
Melee: Hand axe          |   144 |   150 |       |       |       |       |       ||   294
       War axe           |       |    62 |   266 |   685 |       |       |       ||  1013
       Battleaxe         |       |       |       |    39 |  1087 |   845 |       ||  1971
       Headbutt          |       |       |       |       |   222 |   257 |       ||   479
       Executioner's axe |       |       |       |       |       |   432 |   270 ||   702
Invok: Trog's Hand       |     2 |     6 |     9 |    39 |    57 |    64 |       ||   177
       Berserk           |       |     3 |     3 |    10 |    15 |    16 |       ||    47
       Brothers in Arms  |       |       |       |       |       |     3 |       ||     3
Evoke: Wand              |       |       |       |    15 |    16 |     7 |     2 ||    40
  Use: Scroll            |       |     9 |     9 |    14 |    15 |    16 |     4 ||    67
       Potion            |       |       |       |     2 |     7 |    12 |       ||    21
 Stab: Sleeping          |       |       |       |       |     1 |     2 |       ||     3
       Held in net/web   |       |       |       |       |       |       |     2 ||     2
       Distracted        |       |       |       |       |       |       |     1 ||     1
  Eat: Chunk             |     2 |    12 |    13 |    33 |    47 |    48 |     4 ||   159
       Bread ration      |       |       |     1 |     1 |    12 |     2 |       ||    16
       Pizza             |       |       |     1 |     1 |       |     3 |       ||     5
       Fruit             |       |       |       |     2 |       |     4 |     2 ||     8
       Meat ration       |       |       |       |       |       |     5 |       ||     5
Armor: Leather armour    |     3 |       |       |       |       |       |       ||     3
       Ring mail         |    46 |    59 |   125 |   145 |   329 |   497 |   120 ||  1321
       Storm dragon scal |       |       |       |   118 |    83 |       |       ||   201
Dodge: Dodged            |    93 |   107 |   157 |   408 |   822 |  1627 |   485 ||  3699
